 Dungeon Crawl Stone Soup version 0.15-a0-1363-g87d8b17 (webtiles) character file.

29 Amnesiac the Sneak (level 3, 0/24 HPs)
             Began as an Octopode Warper on June 9, 2014.
             Slain by an adder (5 damage)
             ... on Level 2 of the Dungeon.
             The game lasted 00:02:49 (255 turns).

Amnesiac the Sneak (Octopode Warper)                 Turns: 255, Time: 00:02:49

HP   0/24        AC  1     Str 10      XL: 3   Next: 16%
MP   0/6         EV 12     Int 15      God:
Gold 49          SH  0     Dex 12      Spells:  3 memorised,  1 level left

rFire  . . .     SeeInvis .     a - +0 short sword
rCold  . . .     Clarity  .     (no shield)
rNeg   . . .     rCorr    .     (helmet restricted)
rPois  .         rRot     .     (no amulet)
rElec  .         Spirit   .     (no ring)
SustAb .         Warding  .     (no ring)
rMut   .         Stasis   .     (no ring)
Gourm  .                        (no ring)
MR     .....                    (no ring)
                                (no ring)
                                (no ring)
                                (no ring)

@: very slightly contaminated, not resistant to hostile enchantments, fairly
stealthy
A: almost no armour, amphibious, 8 rings, constrict 8, camouflage 1, gelatinous
body 1
a: no special abilities


You were on level 2 of the Dungeon.
You were not hungry.

You visited 1 branch of the dungeon, and saw 2 of its levels.

You collected 49 gold pieces.

Inventory:

Hand weapons
 a - a +0,+0 short sword (weapon)
Missiles
 e - 5 tomahawks (quivered)
Comestibles
 f - 2 bread rations
 g - a royal jelly
Scrolls
 d - a scroll of blinking
 h - 2 scrolls of identify {unknown}
Potions
 b - 2 potions of heal wounds {unknown}
 i - 2 potions of curing {unknown}
Books
 c - a book of Spatial Translocations

   Spells                             Type                      Level
   *Apportation                       Translocation                1
   *Blink                             Translocation                2
   *Shroud of Golubria                Charms/Translocation         2
   Portal Projectile                  Translocation                3
   Teleport Other                     Translocation                3
   Passage of Golubria                Translocation                4


   Skills:
 - Level 2.0 Fighting
 - Level 2.0 Short Blades
 - Level 1.0 Throwing
 - Level 2.3 Dodging
 + Level 4.0 Stealth
 - Level 2.0 Spellcasting
 - Level 3.0 Translocations


You had one spell level left.
You knew the following spells:

 Your Spells              Type           Power        Failure   Level  Hunger
a - Shroud of Golubria    Chrm/Tloc      #.........   17%         2    ###....
b - Blink                 Tloc           N/A          12%         2    ###....
c - Apportation           Tloc           ##........   8%          1    #......


Dungeon Overview and Level Annotations

Branches:
Dungeon (2/15)

Altars:


Innate Abilities, Weirdness & Mutations

You cannot wear most types of armour.
You are amphibious.
You can wear up to eight rings at the same time.
You can use your tentacles to constrict many enemies at once.
Your skin changes colour to match your surroundings (Stealth).
Your rubbery body absorbs attacks (AC +1).


Message History

Confirm with . or Enter, or press ? or * to list all spells.
You miscast Blink.
You are very lightly contaminated with residual magic.
The world appears momentarily distorted!
The bat closely misses you. The adder barely misses you.
Casting: Blink
Confirm with . or Enter, or press ? or * to list all spells.
You miscast Blink.
The air around you crackles with energy!
The bat hits you. The adder bites you.
Casting: Blink
Confirm with . or Enter, or press ? or * to list all spells.
You blink.
The bat completely misses you. The adder bites you.
Found a scroll labeled RUBOULEULI.
The bat hits you. The adder bites you. The bat hits you but does no damage.
The bat barely misses you.
You hit the adder. Your grab misses the adder. Your squeeze misses the adder.
The adder is lightly wounded.
The bat hits you but does no damage. The adder bites you.
You die...

.#..#....
..#..#...##
#..........#
##..........#
.............#
...........<.##
..............#
..#....#..Sb..#
.........@..##...#
............##.....#
#....<......S....
.............S.....
##...............
#..............
#.###.....##.#. #
#..##.# .# #.#. ..


You could see 2 adders and a bat.

Vanquished Creatures
  Ijyb (D:1)
  An ooze (D:1)
  A ball python (D:2)
  5 bats (D:1)
  A giant newt (D:1)
  4 rats (D:1)
13 creatures vanquished.

Notes
Turn   | Place    | Note
--------------------------------------------------------------
     0 | D:1      | Amnesiac, the Octopode Warper, began the quest for the Orb.
     0 | D:1      | Reached XP level 1. HP: 14/14 MP: 3/3
    15 | D:1      | Reached skill level 1 in Stealth
    95 | D:1      | Reached XP level 2. HP: 16/19 MP: 4/4
    99 | D:1      | Learned a level 2 spell: Blink
   137 | D:1      | Learned a level 2 spell: Shroud of Golubria
   161 | D:2      | Noticed Ijyb
   180 | D:1      | Killed Ijyb
   180 | D:1      | Reached XP level 3. HP: 22/24 MP: 4/6
   219 | D:1      | Reached skill level 4 in Stealth
   255 | D:2      | Slain by an adder

Action                   || total
-------------------------++-------
Melee: Short sword       ||    37
 Cast: Shroud of Golubri ||     2
       Blink             ||     1
 Stab: Sleeping          ||     5
